 Dungeon Crawl Stone Soup version 0.21.1-1-g345015f (webtiles) character file.

367 Dfrag the Conjurer (level 6, -7/73 HPs)
             Began as a Naga Conjurer on Feb 18, 2018.
             Mangled by an ogre
             ... wielding a +0 giant spiked club
              (12 damage)
             ... on level 4 of the Dungeon.
             The game lasted 00:04:08 (2113 turns).

Dfrag the Conjurer (Naga Conjurer)                  Turns: 2113, Time: 00:04:09

Health: -7/73      AC:  6    Str: 15    XL:     6   Next: 69%
Magic:  1/13       EV: 10    Int: 17    God:
Gold:   254        SH:  0    Dex: 12    Spells: 7/14 levels left

rFire    . . .     SeeInvis +   o - +0 flail
rCold    . . .     Gourm    .   (no shield)
rNeg     . . .     Faith    .   a - +0 robe
rPois    +         Spirit   .   j - +2 helmet
rElec    .         Reflect  .   (no cloak)
rCorr    .         Harm     .   (no gloves)
MR       .....                  (no barding)
Stlth    ..........             e - amulet of rage
HPRegen  0.22/turn              (no ring)
MPRegen  0.13/turn              (no ring)

@: berserking, lethally poisoned (-7 -> -8), short of breath, quick
A: large, see invisible, deformed body, poison resistance, slowness 2, slow
metabolism 1, spit poison 1, AC +2
a: Spit Poison, Evoke Berserk Rage


You were on level 4 of the Dungeon.
You were very hungry.

You visited 1 branch of the dungeon, and saw 4 of its levels.

You collected 254 gold pieces.

Inventory:

Hand Weapons
 k - a +0 falchion
 o - a +0 flail (weapon)
Armour
 a - a +0 robe (worn)
 j - a +2 helmet (worn)
Jewellery
 d - a +5 amulet of reflection
 e - an amulet of rage (around neck)
Scrolls
 f - 3 scrolls of remove curse {unknown}
 g - a scroll of blinking {unknown}
 h - a scroll of identify {unknown}
 l - 3 scrolls of teleportation {unknown}
Potions
 m - a potion of brilliance {unknown}
 n - a potion of degeneration {unknown}
 p - a potion of curing {unknown}
Books
 b - a book of Conjurations

   Spells                             Type                      Level
   a - Magic Dart                     Conjuration                  1
   b - Searing Ray                    Conjuration                  2
   c - Dazzling Spray                 Conjuration/Hexes            3
   d - Fulminant Prism                Conjuration/Hexes            4
   e - Force Lance                    Conjuration/Translocation    4
   f - Iskenderun's Mystic Blast      Conjuration                  4
Comestibles
 c - 4 rations
 i - 3 chunks of flesh


   Skills:
 - Level 1.5 Dodging
 - Level 3.0 Stealth
 + Level 4.6 Spellcasting
 + Level 6.2 Conjurations


You had 7 spell levels left.
You knew the following spells:

 Your Spells              Type           Power        Failure   Level  Hunger
a - Magic Dart            Conj           ####         1%          1    None
b - Searing Ray           Conj           ####..       1%          2    ##.....
c - Iskenderun's Mystic   Conj           ####....     12%         4    ####...


Dungeon Overview and Level Annotations

Branches:
Dungeon (4/15)
 Temple: D:4-7

Altars:


Innate Abilities, Weirdness & Mutations

You cannot wear boots.
Your serpentine skin is tough. (AC +2)
You have supernaturally acute eyesight. (SInv)
Armour fits poorly on your strangely shaped body.
Your system is resistant to poisons. (rPois)
You cover ground very slowly.
You have a slow metabolism.
You can spit poison.


Message History

The magic dart hits the ogre.
The ogre is moderately wounded.
Unknown command.
A red film seems to cover your vision as you go berserk!
You feel yourself moving faster!
You feel mighty!
You are feeling very hungry.
The ogre hits you with a giant spiked club!
You barely miss the ogre.
The ogre is moderately wounded.
You feel sick.
The ogre hits you with a giant spiked club!!
* * * LOW HITPOINT WARNING * * *
You thump the ogre!
The ogre is heavily wounded.
Unknown command.
Unknown command.
You completely miss the ogre.
The ogre is heavily wounded.
The ogre hits you with a giant spiked club!
You die...

###### #<#..# ###
#...# #..# #..^##
##....
.......#..##...#
####..###O#..# #..
#... #.@.#.....
..... ##....#
............).....
........#./.......
....... ..##......
... ### .>.... .#
#.#### .# .#


You could see an ogre.

Vanquished Creatures
  The ghost of Woodford the Magician, an amateur DEWz (D:3)
  A howler monkey (D:4)
  Jessica (D:2)
  A worker ant (D:4)
  Robin (D:2)
  8 adders
  2 oozes
  2 worms (D:2)
  A dart slug (D:3)
  2 leopard geckos
  6 orcs (D:3)
  2 giant cockroaches
  9 goblins
  9 hobgoblins
  2 jackals (D:3)
  7 kobolds
  2 quokkas (D:2)
  8 bats
  2 frilled lizards
  5 rats
72 creatures vanquished.

Notes
Turn   | Place    | Note
-------+----------+-------------------------------------------
     0 | D:1      | Dfrag the Naga Conjurer began the quest for the Orb.
     0 | D:1      | Reached XP level 1. HP: 15/15 MP: 3/3
   279 | D:1      | Reached XP level 2. HP: 17/22 MP: 0/5
   629 | D:2      | Learned a level 2 spell: Searing Ray
   686 | D:2      | Reached XP level 3. HP: 4/28 MP: 2/6
   784 | D:2      | Noticed Jessica
   787 | D:2      | Killed Jessica
   787 | D:2      | Reached XP level 4. HP: 13/36 MP: 2/8
   894 | D:2      | Reached skill level 5 in Conjurations
  1281 | D:2      | Noticed Robin
  1296 | D:2      | Killed Robin
  1296 | D:2      | Reached XP level 5. HP: 40/42 MP: 1/10
  1541 | D:3      | Noticed Woodford's ghost (amateur DEWz)
  1582 | D:3      | Learned a level 4 spell: Iskenderun's Mystic Blast
  1918 | D:3      | Killed Woodford's ghost
  1918 | D:3      | Reached skill level 6 in Conjurations
  1918 | D:3      | Reached XP level 6. HP: 49/49 MP: 2/12
  2113 | D:4      | Mangled by an ogre

Skill      XL: |  1  2  3  4  5 |
---------------+----------------+-----
Spellcasting   | 3 4 |  4.6
Conjurations   | 5 6 |  6.2
Dodging        | |  1.5
Stealth        | |  3.0

Action                   |  1- 3 |  4- 6 || total
-------------------------+-------+-------++-------
Melee: Unarmed           |    10 |     8 ||    18
       Flail             |       |    13 ||    13
       Falchion          |       |     6 ||     6
 Cast: Magic Dart        |    36 |    35 ||    71
       Searing Ray       |     1 |    15 ||    16
 Abil: Spit Poison       |    19 |    23 ||    42
       Evoke Berserk Rag |       |     1 ||     1
 Stab: Sleeping          |       |     1 ||     1
  Eat: Chunk             |     1 |     5 ||     6
Armor: Robe              |     3 |    21 ||    24
Dodge: Dodged            |    18 |    29 ||    47
Block: Other             |     6 |       ||     6
       Rpst.: Falchion   |       |     2 ||     2
